 Dungeon Crawl Stone Soup version 0.29.0-4-gdea44cf6ec (webtiles) character file.

Game seed: 9582574988229216980

5208 qw the Severer (level 10, -10/91 HPs)
             Began as a Minotaur Berserker on Sept 5, 2022.
             Was a Priest of Trog.
             Mangled by a yak (12 damage)
             ... on level 9 of the Dungeon.
             The game lasted 00:02:49 (8960 turns).

qw the Severer (Minotaur Berserker)                 Turns: 8960, Time: 00:02:50

Health: -10/91     AC: 11    Str: 31    XL:     10   Next: 35%
Magic:  9/9        EV: 11    Int: 10    God:    Trog [***...]
Gold:   459        SH:  0    Dex: 11    Spells: 9/9 levels left

rFire   + . .      SeeInvis .   Y - +0 war axe
rCold   . . .      Faith    .   (no shield)
rNeg    . . .      Spirit   .   q - +4 scale mail {rF+}
rPois   .          Reflect  .   (helmet restricted)
rElec   .          Harm     .   (no cloak)
rCorr   .          Rampage  .   (no gloves)
Will    .....                   (no boots)
Stlth   ..........              h - amulet of regeneration
HPRegen 1.05/turn               r - +6 ring of intelligence
MPRegen 0.11/turn               l - +6 ring of strength

@: on berserk cooldown, slowed, very slow
A: horns 2, retaliatory headbutt
a: Renounce Religion, Berserk, Trog's Hand


You were on level 9 of the Dungeon.
You worshipped Trog.
Trog was most pleased with you.
You visited 1 branch of the dungeon, and saw 9 of its levels.

You collected 459 gold pieces.


Innate Abilities, Weirdness & Mutations

You have a pair of horns on your head.
You reflexively headbutt those who attack you in melee.


   Skills:
 - Level 9.3 Fighting
 + Level 15.5 Axes
 - Level 4.2 Armour
 - Level 4.0 Dodging


You had 9 spell levels left.
You didn't know any spells.
Your spell library was empty.

Inventory:

Hand Weapons
 c - a +0 morningstar
 Y - a +0 war axe (weapon)
Armour
 q - a +4 scale mail of fire resistance (worn)
Jewellery
 h - an amulet of regeneration (around neck)
 j - a ring of protection from fire
 l - a +6 ring of strength (right hand)
 r - a +6 ring of intelligence (left hand)
Scrolls
 b - a scroll of identify
 d - a scroll of enchant armour
Potions
 a - a potion of resistance
 g - a potion of cancellation
 i - a potion of attraction {unknown}
 m - 5 potions of curing
 n - 2 potions of haste
 o - a potion of invisibility {unknown}

Dungeon Overview and Level Annotations

Branches:
Dungeon (9/15)             Temple (0/1) D:6
   Lair: D:8-11         Orc: D:9-12

Altars:

Shops:
D:2 :

Annotations:
D:2 1 runed translucent door, Crazy Yiuf
D:7 3 runed translucent doors, qw's ghost, novice FoCA


Message History

You completely miss the yak.
The yak is moderately wounded.
You slash the yak! You hit the yak. You barely miss the yak.
The yak gores you but does no damage. The yak closely misses you.
The yak gores you. The yak barely misses you.
You slash the yak! You headbutt the yak.
You kill the yak!
Trog accepts your kill.
You slash the yak! x3
The yak gores you but does no damage. The yak barely misses you.
You hit the yak but do no damage.
The yak is heavily wounded.
You slash the yak! x2; You closely miss the yak.
You barely miss the yak.
The yak gores you! x2; The yak gores you.
The yak gores you but does no damage. The yak closely misses you.
You hit the yak but do no damage. You headbutt the yak!
The yak is severely wounded.
You barely miss the yak. You slash the yak! You hit the yak but do no damage.
You barely miss the yak.
The yak gores you. x2; The yak gores you but does no damage. x2
The yak gores you!
You hit the yak.
The yak is almost dead.
You hit the yak but do no damage.
You hit the yak. x2; You barely miss the yak.
The yak gores you. The yak gores you! The yak gores you but does no damage.
The yak barely misses you. The yak gores you!
8959 ||| DRINKING potion of heal wounds.
You feel much better. The yak closely misses you. The yak gores you. x2
The yak gores you but does no damage. The yak barely misses you.
You furiously retaliate!
You headbutt the yak! The yak closely misses you.
The yak gores you but does no damage. The yak gores you!
The yak gores you but does no damage. x2
You slice the yak!!
You kill the yak!
Trog accepts your kill.
You slash the yak! You closely miss the yak. You slash the yak!
You hit the yak. The yak completely misses you. You furiously retaliate!
You headbutt the yak! The yak gores you. The yak gores you!
You die...

#####+###..
#.......#..........
#...... #..........
#..... #.........P
#.... #.......P..
#...#####.....P...P
#...#.....lYY...P..
#...#...[%Y@Ys..P.P
#<..#...##'##l.....
#...+...#...# .P...
#...##..#...# ....
#....#..#...# ..PP.
####....#..#...#......
#.......#..#####.... .
#.......#...........
#.......#...........


You could see 4 yaks, a scorpion and 2 iguanas.

Vanquished Creatures
  A two-headed ogre (D:8)
  A troll (D:9)
  Grinder (D:3)
  2 hornets
  Sigmund (D:5)
  7 yaks
  2 steam dragons
  A basilisk (D:9)
  3 water moccasins
  Duvessa (D:7)
  An ice beast (D:7)
  A black bear (D:6)
  2 sky beasts
  An ogre (D:5)
  A centaur (D:5)
  3 kobold brigands
  2 necrophages
  4 scorpions
  Dowan (D:7)
  4 hounds
  4 jellies
  7 orc priests
  5 orc wizards
  Ijyb (D:3)
  An iguana (D:5)
  Robin (D:3)
  7 gnolls
  5 adders
  A shadow imp (D:5)
  A worm (D:3)
  A dart slug (D:1)
  30 orcs
  4 endoplasms
  13 goblins
  11 hobgoblins
  14 kobolds
  2 quokkas
  10 ball pythons
  3 bats (D:1)
  4 frilled lizards
  4 rats
169 creatures vanquished.

Vanquished Creatures (others)
  2 fungi
  4 plants
  3 withered plants (D:3)
9 creatures vanquished.

Grand Total: 178 creatures vanquished

Notes
Turn   | Place    | Note
-------+----------+-------------------------------------------
     0 | D:1      | qw the Minotaur Berserker began the quest for the Orb.
     0 | D:1      | Reached XP level 1. HP: 19/19 MP: 0/0
     0 | D:1      | 0 ||| qw: Version: 0.1-a-104-g96f76f8
     0 | D:1      | 0 ||| qw: Game counter: 5868
     0 | D:1      | 0 ||| qw: Always use a shield: true
     0 | D:1      | 0 ||| qw: Do Orc after D:15 true
     0 | D:1      | 0 ||| qw: Do second Lair branch before Depths: true
     0 | D:1      | 0 ||| qw: Lair rune preference: random
     0 | D:1      | 0 ||| qw: Plans: Normal
     0 | D:1      | 0 ||| PLANNING D:1-11
    17 | D:1      | 17 ||| Stepping ~*~*~tactically~*~*~ (hiding).
   126 | D:1      | 126 ||| Stepping ~*~*~tactically~*~*~ (hiding).
   128 | D:1      | 128 ||| Stepping ~*~*~tactically~*~*~ (hiding).
   248 | D:1      | Reached skill level 4 in Axes
   316 | D:1      | Reached XP level 2. HP: 20/26 MP: 1/1
   535 | D:1      | 535 ||| DROPPING +0 club.
   941 | D:1      | 941 ||| UPGRADING to +0 leather armour.
   951 | D:1      | 951 ||| DROPPING +0 animal skin.
   952 | D:1      | 952 ||| READING scroll labelled VUVIZIWARO.
   953 | D:1      | 953 ||| READING scroll labelled QAGUAXK GIRON.
   954 | D:1      | 954 ||| READING scroll labelled GICZEF EBUMU.
   955 | D:1      | 955 ||| READING scroll labelled OLIROY ZIUCIS.
  1100 | D:2      | Reached skill level 5 in Axes
  1100 | D:2      | Reached XP level 3. HP: 18/31 MP: 2/2
  1286 | D:2      | 1286 ||| DROPPING +2 whip of venom.
  1441 | D:2      | Reached ** piety under Trog
  1460 | D:2      | Found Rateur's Book Boutique.
  1695 | D:2      | Found a runed translucent door.
  1696 | D:2      | Noticed Crazy Yiuf
  1812 | D:2      | 1812 ||| UPGRADING to +0 chain mail.
  1822 | D:2      | 1822 ||| DROPPING +0 leather armour.
  1823 | D:2      | 1823 ||| READING scroll labelled SOICSE POLLE.
  1824 | D:2      | 1824 ||| DRINKING 2 metallic cyan potions.
  1825 | D:2      | 1825 ||| DROPPING potion of degeneration.
  1862 | D:3      | 1862 ||| STAIRDANCE
  2089 | D:3      | Noticed Grinder
  2090 | D:3      | 2090 ||| INVOKING Trog's Hand.
  2093 | D:3      | 2093 ||| INVOKING Berserk.
  2102 | D:3      | Killed Grinder
  2103 | D:3      | Reached skill level 8 in Axes
  2103 | D:3      | Reached XP level 4. HP: 39/39 MP: 3/3
  2103 | D:3      | Reached XP level 5. HP: 45/45 MP: 4/4
  2242 | D:3      | Reached XP level 6. HP: 49/52 MP: 5/5
  2280 | D:3      | 2280 ||| FLEEEEING.
  2281 | D:3      | 2281 ||| FLEEEEING.
  2282 | D:3      | 2282 ||| FLEEEEING.
  2283 | D:3      | 2283 ||| FLEEEEING.
  2284 | D:3      | 2284 ||| FLEEEEING.
  2285 | D:3      | 2285 ||| FLEEEEING.
  2286 | D:3      | 2286 ||| FLEEEEING.
  2287 | D:3      | 2287 ||| FLEEEEING.
  2290 | D:3      | 2290 ||| FLEEEEING.
  2291 | D:3      | 2291 ||| FLEEEEING.
  2292 | D:3      | 2292 ||| FLEEEEING.
  2293 | D:3      | 2293 ||| FLEEEEING.
  2294 | D:3      | 2294 ||| FLEEEEING.
  2299 | D:3      | 2299 ||| FLEEEEING.
  2300 | D:3      | 2300 ||| FLEEEEING.
  2301 | D:3      | 2301 ||| FLEEEEING.
  2302 | D:3      | 2302 ||| FLEEEEING.
  2304 | D:3      | 2304 ||| Stepping ~*~*~tactically~*~*~ (hiding).
  2307 | D:3      | 2307 ||| INVOKING Berserk.
  2577 | D:3      | Noticed Ijyb
  2580 | D:3      | 2580 ||| INVOKING Berserk.
  2601 | D:3      | Killed Ijyb
  2628 | D:3      | 2628 ||| FLEEEEING.
  2629 | D:3      | 2629 ||| FLEEEEING.
  2630 | D:3      | 2630 ||| FLEEEEING.
  2631 | D:3      | 2631 ||| FLEEEEING.
  2632 | D:3      | 2632 ||| FLEEEEING.
  2724 | D:3      | Found a faded altar of an unknown god.
  2785 | D:3      | 2785 ||| Stepping ~*~*~tactically~*~*~ (stealth).
  2806 | D:3      | 2806 ||| Stepping ~*~*~tactically~*~*~ (stealth).
  2807 | D:3      | 2807 ||| Stepping ~*~*~tactically~*~*~ (stealth).
  2830 | D:3      | 2830 ||| FLEEEEING.
  2831 | D:3      | 2831 ||| FLEEEEING.
  2845 | D:3      | 2845 ||| Stepping ~*~*~tactically~*~*~ (stealth).
  2866 | D:3      | 2866 ||| Stepping ~*~*~tactically~*~*~ (stealth).
  2867 | D:3      | 2867 ||| Stepping ~*~*~tactically~*~*~ (hiding).
  2873 | D:3      | Noticed Robin
  2876 | D:3      | 2876 ||| Stepping ~*~*~tactically~*~*~ (hiding).
  2880 | D:3      | 2880 ||| Stepping ~*~*~tactically~*~*~ (hiding).
  2883 | D:3      | 2883 ||| INVOKING Berserk.
  2887 | D:3      | Killed Robin
  3034 | D:3      | 3034 ||| Stepping ~*~*~tactically~*~*~ (stealth).
  3035 | D:3      | 3035 ||| Stepping ~*~*~tactically~*~*~ (stealth).
  3077 | D:3      | 3077 ||| INVOKING Berserk.
  3274 | D:3      | 3274 ||| UPGRADING to amulet of regeneration.
  3279 | D:3      | 3279 ||| UPGRADING to ring of protection from fire.
  3280 | D:3      | 3280 ||| READING 2 scrolls of identify.
  3280 | D:3      | 3280 ||| IDENTIFYING lumpy black potion
  3389 | D:4      | Reached skill level 9 in Axes
  3432 | D:4      | 3432 ||| INVOKING Berserk.
  3442 | D:4      | Reached XP level 7. HP: 61/61 MP: 6/6
  3637 | D:4      | 3637 ||| Stepping ~*~*~tactically~*~*~ (stealth).
  3646 | D:4      | Reached skill level 3 in Armour
  3649 | D:4      | 3649 ||| Stepping ~*~*~tactically~*~*~ (hiding).
  3651 | D:4      | 3651 ||| Stepping ~*~*~tactically~*~*~ (hiding).
  3866 | D:4      | 3866 ||| READING scroll of enchant weapon.
  3866 | D:4      | 3866 ||| ENCHANTING +1 hand axe.
  3998 | D:4      | 3998 ||| READING scroll labelled JAEJICVE BEBA.
  3999 | D:4      | 3999 ||| READING scroll labelled ROAPPUEPSO.
  4028 | D:4      | 4028 ||| READING scroll labelled VIEMEPLURAO.
  4052 | D:5      | Entered Level 5 of the Dungeon
  4067 | D:5      | Reached skill level 10 in Axes
  4108 | D:5      | Noticed Sigmund
  4111 | D:5      | 4111 ||| INVOKING Berserk.
  4117 | D:5      | Killed Sigmund
  4118 | D:5      | Reached skill level 6 in Fighting
  4118 | D:5      | Reached XP level 8. HP: 71/71 MP: 7/7
  4171 | D:5      | 4171 ||| INVOKING Berserk.
  4343 | D:5      | 4343 ||| READING scroll of enchant weapon.
  4343 | D:5      | 4343 ||| ENCHANTING +2 hand axe.
  4377 | D:5      | 4377 ||| INVOKING Berserk.
  4500 | D:5      | Noticed a hornet
  4506 | D:5      | Paralysed by a hornet for 3 turns
  4509 | D:5      | 4509 ||| INVOKING Berserk.
  4511 | D:5      | Killed a hornet
  4511 | D:5      | HP: 26/106 [poisoned by a hornet]
  4512 | D:5      | Reached skill level 11 in Axes
  4516 | D:5      | HP: 16/71 [poisoned by a hornet]
  4595 | D:5      | 4595 ||| INVOKING Berserk.
  4890 | D:5      | Identified the +1 spear of Resourcefulness {speed, +Blink
                  | rCorr Dex+4}
  5126 | D:5      | 5126 ||| READING scroll labelled UGEELE XITUSM.
  5127 | D:5      | 5127 ||| DRINKING 3 inky potions.
  5220 | D:6      | 5220 ||| SWAPPING to +0 war axe.
  5221 | D:6      | 5221 ||| DROPPING +3 hand axe.
  5243 | D:6      | Found a staircase to the Ecumenical Temple.
  5270 | D:6      | 5270 ||| Stepping ~*~*~tactically~*~*~ (hiding).
  5274 | D:6      | 5274 ||| INVOKING Berserk.
  5278 | D:6      | Reached skill level 12 in Axes
  5401 | D:6      | 5401 ||| INVOKING Berserk.
  5716 | D:6      | 5716 ||| Stepping ~*~*~tactically~*~*~ (hiding).
  5725 | D:6      | 5725 ||| Stepping ~*~*~tactically~*~*~ (stealth).
  5728 | D:6      | 5728 ||| Stepping ~*~*~tactically~*~*~ (hiding).
  6017 | D:6      | 6017 ||| INVOKING Berserk.
  6245 | D:6      | 6245 ||| UPGRADING to +6 ring of strength.
  6246 | D:6      | 6246 ||| READING 4 scrolls of identify.
  6246 | D:6      | 6246 ||| IDENTIFYING white potion
  6247 | D:6      | 6247 ||| READING 3 scrolls of identify.
  6247 | D:6      | 6247 ||| IDENTIFYING smoky silvery potion
  6248 | D:6      | 6248 ||| READING 2 scrolls of identify.
  6248 | D:6      | 6248 ||| IDENTIFYING dark potion
  6249 | D:6      | 6249 ||| DROPPING potion of brilliance.
  6250 | D:6      | 6250 ||| DROPPING potion of flight.
  6321 | D:7      | 6321 ||| Stepping ~*~*~tactically~*~*~ (hiding).
  6330 | D:7      | 6330 ||| Stepping ~*~*~tactically~*~*~ (hiding).
  6334 | D:7      | 6334 ||| INVOKING Berserk.
  6341 | D:7      | Reached XP level 9. HP: 79/79 MP: 8/8
  6420 | D:7      | 6420 ||| Stepping ~*~*~tactically~*~*~ (stealth).
  6421 | D:7      | 6421 ||| Stepping ~*~*~tactically~*~*~ (stealth).
  6464 | D:7      | 6464 ||| INVOKING Berserk.
  6467 | D:7      | Reached skill level 13 in Axes
  6621 | D:7      | 6621 ||| Stepping ~*~*~tactically~*~*~ (stealth).
  6622 | D:7      | 6622 ||| Stepping ~*~*~tactically~*~*~ (stealth).
  6628 | D:7      | Reached skill level 3 in Dodging
  6628 | D:7      | Reached *** piety under Trog
  6667 | D:7      | Noticed Duvessa
  6672 | D:7      | 6672 ||| INVOKING Berserk.
  6676 | D:7      | Killed Duvessa
  6678 | D:7      | Noticed Dowan
  6689 | D:7      | Killed Dowan
  6861 | D:7      | 6861 ||| Stepping ~*~*~tactically~*~*~ (hiding).
  6863 | D:7      | Noticed qw's ghost (novice FoCA)
  6874 | D:7      | Found a runed translucent gate.
  6875 | D:7      | Found a runed translucent gate.
  6876 | D:7      | Found a runed translucent gate.
  6929 | D:7      | 6929 ||| DROPPING orb of energy.
  6930 | D:7      | 6930 ||| UPGRADING to +4 scale mail of fire resistance.
  6940 | D:7      | 6940 ||| DROPPING +0 chain mail.
  6941 | D:7      | 6941 ||| UPGRADING to +6 ring of intelligence.
  6943 | D:7      | 6943 ||| DRINKING 2 amethyst potions.
  7044 | D:7      | 7044 ||| DROPPING potion of ambrosia.
  7081 | D:8      | 7081 ||| Stepping ~*~*~tactically~*~*~ (hiding).
  7085 | D:8      | 7085 ||| INVOKING Berserk.
  7240 | D:8      | 7240 ||| Stepping ~*~*~tactically~*~*~ (hiding).
  7241 | D:8      | 7241 ||| Stepping ~*~*~tactically~*~*~ (hiding).
  7242 | D:8      | 7242 ||| Stepping ~*~*~tactically~*~*~ (hiding).
  7244 | D:8      | 7244 ||| Stepping ~*~*~tactically~*~*~ (hiding).
  7253 | D:8      | 7253 ||| Stepping ~*~*~tactically~*~*~ (stealth).
  7257 | D:8      | 7257 ||| Stepping ~*~*~tactically~*~*~ (stealth).
  7281 | D:8      | 7281 ||| INVOKING Berserk.
  7429 | D:8      | Reached skill level 14 in Axes
  7440 | D:8      | 7440 ||| INVOKING Berserk.
  7570 | D:8      | 7570 ||| Stepping ~*~*~tactically~*~*~ (hiding).
  7576 | D:8      | 7576 ||| INVOKING Berserk.
  7581 | D:8      | Reached skill level 15 in Axes
  7969 | D:8      | Noticed a two-headed ogre
  7970 | D:8      | 7970 ||| Stepping ~*~*~tactically~*~*~ (stealth).
  7973 | D:8      | 7973 ||| INVOKING Berserk.
  7978 | D:8      | Killed a two-headed ogre
  7979 | D:8      | Reached skill level 9 in Fighting
  7979 | D:8      | Reached XP level 10. HP: 91/91 MP: 9/9
  8748 | D:8      | 8748 ||| READING scroll labelled NIOSTR VIETH.
  8749 | D:8      | 8749 ||| READING 3 scrolls of identify.
  8749 | D:8      | 8749 ||| IDENTIFYING clear potion
  8750 | D:8      | 8750 ||| READING 2 scrolls of identify.
  8750 | D:8      | 8750 ||| IDENTIFYING red potion
  8751 | D:8      | 8751 ||| DROPPING potion of magic.
  8869 | D:9      | Paralysed by a hornet for 1 turns
  8938 | D:9      | 8938 ||| INVOKING Berserk.
  8958 | D:9      | HP: 16/91 [yak (13)]
  8958 | D:9      | HP: 4/91 [yak (12)]
  8959 | D:9      | 8959 ||| DRINKING potion of heal wounds.
  8960 | D:9      | Mangled by a yak

Levels and vault maps discovered:
D:1:      zelgadis_glass_arrival_small, layout_rooms, minmay_pentomino_v2
D:2:      layout_rooms, serial_shops, nicolae_shop_hallway_plus,
          uniq_crazy_yiuf_cottage
D:3:      layout_basic, ebering_ecumenical_altar_petrified, serial_park_tiny_2,
          uniq_grinder, uniq_ijyb, uniq_robin
D:4:      layout_cave_pools
D:5:      layout_loops_ring, minmay_misc_feat_roman, uniq_sigmund
D:6:      layout_basic, minmay_temple_entry_gardened_gates
D:7:      layout_rooms, gammafunk_ghost_split, uniq_duvessa
D:8:      layout_layer_cave, amethyst_killhole
D:9:      layout_irregular_city, minmay_lair_entry_grove, lemuel_old_faithful,
          uniq_amaemon

Skill      XL: |  1  2  3  4  5  6  7  8  9 10 |
---------------+-------------------------------+-----
Axes           | 4 5 8 9 10 12 15 | 15.5
Fighting       | 5 6 7 9 |  9.3
Armour         | 3 4 |  4.2
Dodging        | 3 4 |  4.0

Action                   |  1- 3 |  4- 6 |  7- 9 | 10-12 || total
-------------------------+-------+-------+-------+-------++-------
Melee: Hand axe          |   100 |    73 |    92 |       ||   265
       Headbutt          |    11 |     6 |    36 |     5 ||    58
       Punch             |     1 |     2 |     1 |       ||     4
       Unarmed           |       |    20 |       |       ||    20
       War axe           |       |       |   140 |    35 ||   175
Invok: Berserk           |     1 |     5 |    16 |     1 ||    23
       Trog's Hand       |     1 |       |       |       ||     1
  Use: Scroll            |     5 |     1 |     9 |     3 ||    18
       Potion            |     1 |       |     2 |     1 ||     4
Armor: Animal skin       |     7 |       |       |       ||     7
       Leather armour    |     6 |       |       |       ||     6
       Chain mail        |    10 |    30 |    67 |       ||   107
       Scale mail        |       |       |     6 |    22 ||    28
Dodge: Dodged            |    41 |    23 |    90 |    23 ||   177

Table legend:
 A = Non-vault XP
 B = Vault XP
 C = Vault XP percentage of total XP
 D = Non-vault monster count
 E = Vault monster count
 F = Vault count percentage of total count
                 A         B        C        D         E       F
            +---------+---------+-------+---------+---------+-------
      Total |    6123 |    1531 |  20.0 |     145 |      24 |  14.2
            +---------+---------+-------+---------+---------+-------
        D:1 |      27 |       3 |  10.0 |      16 |       2 |  11.1
        D:2 |      47 |       0 |   0.0 |      15 |       0 |   0.0
        D:3 |     150 |     355 |  70.3 |      16 |      15 |  48.4
        D:4 |     439 |       0 |   0.0 |      18 |       0 |   0.0
        D:5 |     858 |     231 |  21.2 |      10 |       1 |   9.1
        D:6 |     510 |       0 |   0.0 |      22 |       0 |   0.0
        D:7 |    1016 |     213 |  17.3 |      23 |       2 |   8.0
        D:8 |    2377 |       0 |   0.0 |      18 |       0 |   0.0
        D:9 |     699 |     729 |  51.1 |       7 |       4 |  36.4
            +---------+---------+-------+---------+---------+-------
